 Dungeon Crawl Stone Soup version 0.32-a0-13-gbaedc5810e (webtiles) character file.

Game seed: 10142539804353428675

3385 Jannitor the Trooper (level 9, -1/69 HPs)
             Began as a Demonspawn Reaver on Jan 15, 2024.
             Was an Initiate of Hepliaklqana.
             Succumbed to a gnoll sergeant's poison
             ... on level 7 of the Dungeon.
             The game lasted 00:14:56 (6483 turns).

Jannitor the Trooper (Demonspawn Reaver)            Turns: 6483, Time: 00:14:58

Health: -1/69      AC:  4    Str: 11 (12) XL:     9   Next: 74%
Magic:  7/16       EV: 14    Int: 16 (17) God:    Hepliaklqana [......]
Gold:   394        SH:  0    Dex: 20 (23) Spells: 7/18 levels left

rFire   . . .        p - +2 short sword (vamp)
rCold   . . .        (no shield)
rNeg    + . .        q - +1 leather armour {rN+}
rPois   .            (helmet unavailable)
rElec   .            (no cloak)
rCorr   .            (no gloves)
SInv    +            (no boots)
Will    .....        g - amulet of guardian spirit
Stlth   +++++        c - ring of see invisible
HPRegen 0.31/turn    n - +6 ring of dexterity
MPRegen 0.15/turn

%: guardian spirit
@: lethally poisoned (-1 -> -19)
A: horns 3, thin skeletal structure 2, foul stench 1, spiny 2
a: Renounce Religion


You were on level 7 of the Dungeon.
You worshipped Hepliaklqana.
Hepliaklqana was noncommittal.
You visited 2 branches of the dungeon, and saw 8 of its levels.

You collected 394 gold pieces.

Inventory:

Hand Weapons
 h - a +2 dagger of venom
 o - a +2 vampiric dagger
 p - a +2 vampiric short sword (weapon)
Armour
 b - a +0 leather armour
 j - a +0 robe of willpower
 q - a +1 leather armour of positive energy (worn)
 y - a +0 buckler
Jewellery
 c - a ring of see invisible (left hand)
 g - an amulet of guardian spirit (around neck)
 n - a +6 ring of dexterity (right hand)
 w - a ring of protection from fire
Wands
 k - a wand of digging (9)
 v - a wand of flame (7)
Scrolls
 a - a scroll of fear {unknown}
 e - a scroll of torment
 i - a scroll of enchant armour
 m - 2 scrolls of revelation
 r - 4 scrolls of immolation
 s - a scroll of poison
 x - a scroll of vulnerability
 A - a scroll of identify
Potions
 l - 2 potions of brilliance
 u - a potion of degeneration
 z - a potion of resistance {unknown}


   Skills:
 + Level 5.7 Fighting
 + Level 5.6 Short Blades
 + Level 3.9 Armour
 + Level 5.0 Dodging
 + Level 5.0 Stealth
 + Level 5.2 Spellcasting
 - Level 3.1 Conjurations
 * Level 4.0 Hexes
 - Level 3.0 Evocations


You had 7 spell levels left.
You knew the following spells:

 Your Spells              Type           Power      Damage    Failure   Level
a - Kiss of Death         Conj/Necr      36%        2d8       10%         1
b - Jinxbite              Hex            34%        N/A       5%          2
c - Yara's Violent Unrav  Hex/Alch       5%         3d4       92%         5
d - Confusing Touch       Hex            17%        N/A       11%         3

Your spell library contained the following spells:

 Spells                   Type           Power      Damage    Failure   Level
 Magic Dart               Conj           56%        1d5       5%          1
 Searing Ray              Conj           28%        2d5       8%          2
 Momentum Strike          Conj/Tloc      18%        3d8       16%         2
 Hailstorm                Conj/Ice       9%         3d6       30%         3
 Fulminant Prism          Conj/Alch      4%         3d5       69%         4
 Dispel Undead            Necr           4%         3d7       88%         4
 Enfeeble                 Hex            8%         N/A       100%        7


Dungeon Overview and Level Annotations

Branches:
Dungeon (7/15)             Temple (1/1) D:6

Altars:
Ashenzari
Cheibriados
Dithmenos
Fedhas
Gozag
Hepliaklqana
Kikubaaqudgha
Makhleb
Nemelex Xobeh
Okawaru
Qazlal
Ru
Sif Muna
Trog
Uskayaw
Vehumet
Wu Jian
Xom
Yredelemnul

Annotations:
D:5 1 runed translucent door, temujin's ghost, amateur HuFi


Innate Abilities, Weirdness & Mutations

You have a pair of large horns on your head.
You have a moderately thin skeletal structure. (Dex +4, Stealth++)
You may rarely emit foul miasma when damaged in melee.
You are mostly covered in sharp spines.


Message History

Aiming: Throw Flame
Press: ? - help, Shift-Dir - straight line, f/p - gnoll sergeant
Aim: a gnoll sergeant, wielding a +4 spear of venom, wearing a +0 ring mail and wearing a +0 kite shield (almost dead, 83% to hit)
The gnoll sergeant blocks the puff of flame.
You feel sick.
The gnoll sergeant hits you from afar with a +4 spear of venom!
* * * LOW HITPOINT WARNING * * *
Aiming: Throw Flame
Press: ? - help, Shift-Dir - straight line, f/p - gnoll sergeant
Aim: a gnoll sergeant, wielding a +4 spear of venom, wearing a +0 ring mail and wearing a +0 kite shield (almost dead, 83% to hit)
The gnoll sergeant blocks the puff of flame.
You feel sick.
The gnoll sergeant hits you but does no damage.
You are more poisoned.
Aiming: Throw Flame
Press: ? - help, Shift-Dir - straight line, f/p - gnoll sergeant
Aim: a gnoll sergeant, wielding a +4 spear of venom, wearing a +0 ring mail and wearing a +0 kite shield (almost dead, 83% to hit)
The gnoll sergeant blocks the puff of flame.
You feel less wooden.
Your +1 leather armour of positive energy unmelds from your body.
You feel more protected from negative energy.
* * * LOW HITPOINT WARNING * * *
You feel very sick.
The gnoll sergeant hits you from afar with a +4 spear of venom.
* * * LOW HITPOINT WARNING * * *
You are more poisoned.
Aiming: Throw Flame
Press: ? - help, Shift-Dir - straight line, f/p - gnoll sergeant
Aim: a gnoll sergeant, wielding a +4 spear of venom, wearing a +0 ring mail and wearing a +0 kite shield (almost dead, 83% to hit)
The puff of flame hits the gnoll sergeant.
The gnoll sergeant is almost dead.
* * * LOW HITPOINT WARNING * * *
You feel very sick. The gnoll sergeant closely misses you.
Aiming: Throw Flame
Press: ? - help, Shift-Dir - straight line, f/p - gnoll sergeant
Aim: a gnoll sergeant, wielding a +4 spear of venom, wearing a +0 ring mail and wearing a +0 kite shield (almost dead, 83% to hit)
The puff of flame hits the gnoll sergeant.
You kill the gnoll sergeant!
You die...

........## ##..$.........
.........###...#####.....
...........††..## ......
.........†..†...# #....#
...............## #..[..
................# .##..
.......).........# #.
.................#
.......)@##........
...#..))####...:... #.
#..).# >...... ##..##
...... #... .... ....
...... ....... ........


There were no monsters in sight!

Vanquished Creatures
  A water moccasin (D:5)
  Duvessa (D:4)
  An orc warrior (D:7)
  4 ice beasts
  2 sky beasts
  5 ogres
  3 phantoms
  A bullfrog (D:7)
  A gnoll sergeant (D:7)
  6 scorpions
  Dowan (D:4)
  10 killer bees
  A howler monkey (D:7)
  3 hounds
  3 jellies
  3 orc priests
  2 bombardier beetles
  2 sleepcaps
  Jessica (D:2)
  5 iguanas
  Ijyb (D:4)
  6 orc wizards
  6 gnolls
  6 adders
  2 white imps
  A dart slug (D:4)
  22 orcs
  11 ball pythons
  7 endoplasms
  3 giant cockroaches (D:3)
  5 goblins
  6 hobgoblins
  4 jackals (D:4)
  5 quokkas
  5 bats
  4 frilled lizards
  6 kobolds
  5 rats
161 creatures vanquished.

Notes
Turn   | Place    | Note
-------+----------+-------------------------------------------
     0 | D:1      | Jannitor the Demonspawn Reaver began the quest for the Orb.
     0 | D:1      | Reached XP level 1. HP: 16/16 MP: 3/3
   162 | D:1      | You fall into a shaft and drop 1 floor!
   230 | D:1      | Gained mutation: You are partially covered in sharp spines.
                  | [demonic ancestry]
   230 | D:1      | Reached XP level 2. HP: 17/22 MP: 5/5
  1093 | D:2      | Gained mutation: You have a pair of small horns on your
                  | head. [demonic ancestry]
  1093 | D:2      | Reached XP level 3. HP: 28/28 MP: 6/6
  1242 | D:2      | Noticed Jessica
  1246 | D:2      | Killed Jessica
  1247 | D:2      | Reached skill level 1 in Stealth
  1247 | D:2      | Gained mutation: You are mostly covered in sharp spines.
                  | [demonic ancestry]
  1247 | D:2      | Reached XP level 4. HP: 34/34 MP: 7/7
  2248 | D:4      | Noticed a scorpion
  2257 | D:4      | Killed a scorpion
  2258 | D:4      | Gained mutation: You have a pair of horns on your head.
                  | [demonic ancestry]
  2258 | D:4      | Reached XP level 5. HP: 27/40 MP: 6/9
  2519 | D:4      | Noticed Ijyb
  2530 | D:4      | Paralysed by Ijyb for 5 turns
  2539 | D:4      | Killed Ijyb
  2875 | D:4      | Gained mutation: You have a somewhat thin skeletal
                  | structure. (Dex +2, Stealth+) [demonic ancestry]
  2875 | D:4      | Reached XP level 6. HP: 44/47 MP: 10/10
  2909 | D:4      | Noticed Duvessa
  2912 | D:4      | Noticed Dowan
  2941 | D:4      | Killed Duvessa
  2947 | D:4      | Killed Dowan
  2948 | D:4      | Reached skill level 1 in Armour
  3058 | D:4      | Reached skill level 1 in Evocations
  3058 | D:4      | Gained mutation: You may rarely emit foul miasma when
                  | damaged in melee. [demonic ancestry]
  3058 | D:4      | Reached XP level 7. HP: 49/52 MP: 12/12
  3136 | D:5      | Entered Level 5 of the Dungeon
  3250 | D:5      | Found a runed translucent door.
  3251 | D:5      | Noticed temujin's ghost (amateur HuFi)
  3251 | D:5      | Noticed a troll
  3617 | D:5      | Gained mutation: You have a pair of large horns on your
                  | head. [demonic ancestry]
  3617 | D:5      | Reached XP level 8. HP: 51/60 MP: 12/14
  4162 | D:5      | Found a sacrificial altar of Ru.
  4832 | D:5      | Found a stormy altar of Qazlal.
  5242 | D:5      | Learned a level 2 spell: Jinxbite
  5248 | D:5      | Learned a level 5 spell: Yara's Violent Unravelling
  5406 | D:6      | Found a snail-covered altar of Cheibriados.
  5406 | D:6      | Found a radiant altar of Vehumet.
  5464 | D:6      | Found a staircase to the Ecumenical Temple.
  5500 | Temple   | Entered the Ecumenical Temple
  5508 | Temple   | Became a worshipper of Hepliaklqana the Forgotten
  5540 | D:6      | Found a bloodstained altar of Trog.
  5549 | D:6      | Reached skill level 1 in Hexes
  5562 | D:6      | Reached skill level 5 in Fighting
  5562 | D:6      | Reached skill level 5 in Short Blades
  5621 | D:6      | Gained mutation: You have a moderately thin skeletal
                  | structure. (Dex +4, Stealth++) [demonic ancestry]
  5621 | D:6      | Reached XP level 9. HP: 68/68 MP: 14/16
  5925 | D:6      | Learned a level 3 spell: Confusing Touch
  6325 | D:7      | Reached skill level 5 in Spellcasting
  6404 | D:7      | Reached skill level 5 in Dodging
  6443 | D:7      | Reached skill level 5 in Stealth
  6482 | D:7      | HP: 3/69 [poisoned by a gnoll sergeant]
  6483 | D:7      | Succumbed to a gnoll sergeant's poison

Illustrated notes

Levels and vault maps discovered:
D:1:      lightli_arrival_isolated_outpost, layout_basic
D:2:      layout_loops_cross, minmay_statues_item, uniq_jessica
D:3:      layout_loops_ring, chequers_serial_rivers_large_a
D:4:      layout_basic, uniq_edmund, uniq_duvessa, uniq_ijyb
D:5:      minmay_spotlight, layout_layer_cave, nicolae_qazlal_scattered_showers,
          mainiacjoe_overflow_six_doors_small, ebering_ghost_inner_flame
D:6:      layout_gridville, gammafunk_temple_overflow_wave,
          mainiacjoe_overflow_paths, minmay_temple_entry_overgrown,
          minivault_19, glass_columns_a, hangedman_abyss_or_decor_stagger
D:7:      layout_cave_pools, amcnicky_mini_pool_medium
Temple:   nicolae_temple_bog_church

Skill      XL: |  1  2  3  4  5  6  7  8  9 |
---------------+----------------------------+-----
Dodging        | 2 3 4 5 |  5.0
Short Blades   | 3 4 5 |  5.6
Stealth        | 1 2 3 4 5 |  5.0
Fighting       | 3 4 5 |  5.7
Spellcasting   | 3 4 5 |  5.2
Armour         | 1 2 3 |  3.9
Evocations     | 1 2 3 |  3.0
Hexes          | 1 4 |  4.0
Conjurations   | |  3.1

Action                     |  1- 3 |  4- 6 |  7- 9 || total
---------------------------+-------+-------+-------++-------
  Melee: Short sword       |    94 |    39 |   247 ||   380
         Headbutt          |     4 |    19 |    54 ||    77
         Dagger            |       |    50 |       ||    50
         Punch             |       |       |     1 ||     1
   Cast: Kiss of Death     |       |     1 |       ||     1
  Evoke: Wand              |       |    10 |    18 ||    28
    Use: Potion            |       |     3 |     5 ||     8
         Scroll            |       |     2 |     5 ||     7
   Stab: Sleeping          |     1 |     7 |    15 ||    23
         Paralysed         |       |     5 |       ||     5
 Armour: Leather armour    |    48 |    42 |    94 ||   184
         Skin              |       |    22 |    58 ||    80
  Dodge: Dodged            |    48 |    34 |   144 ||   226

Table legend: (Time is in decaauts)
 A = Elapsed time spent in this place.
 B = Non-inter-level travel time spent in this place.
 C = Inter-level travel time spent in this place.
 D = Time resting spent in this place.
 E = Time spent auto-exploring this place.
 F = Levels seen in this place.
 G = Mean time per level.
                   A        B        C        D        E       F      G
               +--------+--------+--------+--------+--------+-----+--------+
         Total |   6412 |   6132 |    280 |    646 |   4311 |   8 |  801.5 |
       Dungeon |   6398 |   6118 |    280 |    646 |   4311 |   7 |  914.0 |
        Temple |     13 |     13 |      0 |      0 |      0 |   1 |   13.0 |
               +--------+--------+--------+--------+--------+-----+--------+

Top non-repeatable levels by time:
     D:5: 2043 daAuts
     D:4: 970 daAuts
     D:1: 968 daAuts
     D:6: 790 daAuts
     D:2: 665 daAuts
     D:3: 650 daAuts
     D:7: 310 daAuts
  Temple: 13 daAuts
